 Dungeon Crawl Stone Soup version 0.28.0-43-g3370ac3207 (webtiles) character file.

Game seed: 9445332056257256151

31 Ablot the Grasshopper (level 3, 0/31 HPs)
             Began as a Gnoll Warper on Mar 4, 2022.
             Killed from afar by Sigmund (6 damage)
             ... with a puff of flame
             ... on level 2 of the Dungeon.
             The game lasted 00:01:20 (1386 turns).

Ablot the Grasshopper (Gnoll Warper)                Turns: 1386, Time: 00:01:21

Health: 0/31       AC:  8    Str: 12    XL:     3   Next: 22%
Magic:  9/9        EV: 12    Int: 12    God:
Gold:   21         SH:  0    Dex: 11    Spells: 10/12 levels left

rFire   . . .      SeeInvis .   a - +0 short sword
rCold   . . .      Faith    .   (no shield)
rNeg    . . .      Spirit   .   b - +0 leather armour
rPois   .          Reflect  .   (no helmet)
rElec   .          Harm     .   (no cloak)
rCorr   .          Rampage  .   e - +0 pair of gloves
Will    .....                   (no boots)
Stlth   +.........              (no amulet)
HPRegen 0.10/turn               h - +4 ring of protection
MPRegen 0.11/turn               (no ring)

@: no status effects
A: fangs 1, strong nose, distributed training
a: no special abilities


You were on level 2 of the Dungeon.
You visited 1 branch of the dungeon, and saw 2 of its levels.

You collected 21 gold pieces.

Inventory:

Hand Weapons
 a - a +0 short sword (weapon)
Missiles
 d - 5 boomerangs of dispersal (quivered)
 f - 13 arrows
 g - 14 stones
 i - 6 boomerangs
Armour
 b - a +0 leather armour (worn)
 e - a +0 pair of gloves (worn)
Jewellery
 h - a +4 ring of protection (left hand)
Scrolls
 c - a scroll of blinking
 k - a scroll of identify {unknown}
 l - a scroll of magic mapping {unknown}
Potions
 j - a potion of curing {unknown}


   Skills:
 + Level 4.5 Fighting
 + Level 4.5 Short Blades
 + Level 0.7 Long Blades
 + Level 0.7 Axes
 + Level 0.7 Maces & Flails
 + Level 0.7 Polearms
 + Level 0.7 Staves
 + Level 0.7 Slings
 + Level 0.7 Bows
 + Level 0.7 Crossbows
 + Level 2.6 Throwing
 + Level 2.6 Armour
 + Level 4.5 Dodging
 + Level 0.7 Stealth
 + Level 0.7 Shields
 + Level 0.7 Unarmed Combat
 + Level 5.0 Spellcasting
 + Level 0.5 Conjurations
 + Level 0.5 Hexes
 + Level 0.5 Summonings
 + Level 0.5 Necromancy
 + Level 5.4 Translocations
 + Level 0.5 Transmutations
 + Level 0.5 Fire Magic
 + Level 0.5 Ice Magic
 + Level 0.5 Air Magic
 + Level 0.5 Earth Magic
 + Level 0.5 Poison Magic
 + Level 0.9 Invocations
 + Level 0.7 Evocations


You had 10 spell levels left.
You knew the following spells:

 Your Spells              Type           Power      Damage    Failure   Level
a - Blink                 Tloc           32%        N/A       4%          2

Your spell library contained the following spells:

 Spells                   Type           Power      Damage    Failure   Level
 Gell's Gravitas          Tloc           16%        N/A       9%          3
 Lesser Beckoning         Tloc           16%        N/A       9%          3
 Teleport Other           Tloc           16%        N/A       9%          3
 Manifold Assault         Tloc           16%        N/A       58%         5


Dungeon Overview and Level Annotations

Branches:
Dungeon (2/15)

Altars:

Annotations:
D:2 Sigmund


Innate Abilities, Weirdness & Mutations

You have very sharp teeth.
Your uncanny sense of smell can sniff out nearby items.
Your experience applies equally to all skills.


Message History

The goblin closely misses you.
You hit Sigmund.
Sigmund is severely wounded.
Sigmund casts a spell at you.
You are confused.
You miss Sigmund.
Sigmund is severely wounded.
The goblin hits you but does no damage. Sigmund casts a spell at you.
The magic dart hits you.
* * * LOW HITPOINT WARNING * * *
Sigmund points at you and mumbles some strange words.
You are more confused.
You're too confused to move!
The goblin hits you but does no damage.
Sigmund hits you from afar with a +0 scythe.
* * * LOW HITPOINT WARNING * * *
The goblin barely misses you. Sigmund gestures at you while chanting.
The puff of flame misses you. The goblin barely misses you.
There is a stone staircase leading up here.
You miss Sigmund.
Sigmund is severely wounded.
Sigmund points at you and mumbles some strange words.
The puff of flame hits you.
* * * LOW HITPOINT WARNING * * *
The goblin closely misses you. Sigmund completely misses you.
You bump into the rock wall.
The goblin misses you. Sigmund closely misses you.
You miss the goblin. Sigmund closely misses you.
The goblin hits you but does no damage. Sigmund misses you.
You're too confused to move!
You feel less confused. The goblin hits you but does no damage.
You hit the goblin.
You kill the goblin!
A ball python comes into view.
Sigmund gestures at you while chanting. The puff of flame hits you.
You die...

.........#
.........#
........>...
...........# #
#..........#.#
...........#.###.
................
#.....@.#####
..##.....).....#
..S......@.###.#
.........<...#
...........#.#
...........#...
.....#.....# ###
.....#.....# ....
#......


You could see Sigmund and a ball python (wandering).

Vanquished Creatures
  3 ball pythons (D:1)
  3 endoplasms (D:1)
  2 giant cockroaches (D:1)
  2 goblins
  A hobgoblin (D:1)
  9 jackals (D:1)
  3 bats (D:1)
  2 frilled lizards (D:1)
  3 rats (D:1)
28 creatures vanquished.

Notes
Turn   | Place    | Note
-------+----------+-------------------------------------------
     0 | D:1      | Ablot the Gnoll Warper began the quest for the Orb.
     0 | D:1      | Reached XP level 1. HP: 20/20 MP: 6/6
   353 | D:1      | Reached XP level 2. HP: 26/26 MP: 7/7
   356 | D:1      | Learned a level 2 spell: Blink
   577 | D:1      | Found a faded altar of an unknown god.
   797 | D:1      | Reached XP level 3. HP: 31/31 MP: 9/9
   898 | D:1      | Reached skill level 5 in Spellcasting
  1347 | D:2      | Noticed Sigmund
  1386 | D:2      | Killed from afar by Sigmund

Illustrated notes

Levels and vault maps discovered:
D:1:      evilmike_arrival_plus, layout_basic, basic_ecumenical_altar
D:2:      layout_basic, minmay_pentomino_v2, uniq_sigmund

Skill      XL: |  1  2  3 |
---------------+----------+-----
Spellcasting   | 5 |  5.0
Fighting       | |  4.5
Short Blades   | |  4.5
Long Blades    | |  0.7
Axes           | |  0.7
Maces & Flails | |  0.7
Polearms       | |  0.7
Staves         | |  0.7
Slings         | |  0.7
Bows           | |  0.7
Crossbows      | |  0.7
Throwing       | |  2.6
Armour         | |  2.6
Dodging        | |  4.5
Stealth        | |  0.7
Shields        | |  0.7
Unarmed Combat | |  0.7
Conjurations   | |  0.5
Hexes          | |  0.5
Summonings     | |  0.5
Necromancy     | |  0.5
Translocations | |  5.4
Transmutations | |  0.5
Fire Magic     | |  0.5
Ice Magic      | |  0.5
Air Magic      | |  0.5
Earth Magic    | |  0.5
Poison Magic   | |  0.5
Invocations    | |  0.9
Evocations     | |  0.7

Action                   || total
-------------------------++-------
Melee: Short sword       ||   149
       Bite              ||    15
Armor: Leather armour    ||    57
Dodge: Dodged            ||   115
